 Dungeon Crawl Stone Soup version 0.28.0-47-ge53b351184 (webtiles) character file.

Game seed: 2107901697647763475

541 GigaChad the Covered (level 7, -3/58 (60) HPs)
             Began as a Minotaur Fighter on May 9, 2022.
             Slain by a wight
             ... wielding a +0 trident
              (4 damage)
             ... on level 5 of the Dungeon.
             The game lasted 00:09:17 (5754 turns).

GigaChad the Covered (Minotaur Fighter)             Turns: 5754, Time: 00:09:18

HP:   -3/58 (60)    AC:  7    Str: 20    XL:     7   Next: 5%
MP:   6/6           EV:  9    Int:  5    God:
Gold: 177           SH:  5    Dex: 12    Spells: 6/6 levels left

rFire   . . .      SeeInvis .   a - +0 long sword
rCold   . . .      Faith    .   c - +0 buckler
rNeg    . . .      Spirit   .   b - +0 scale mail
rPois   .          Reflect  .   (helmet restricted)
rElec   .          Harm     .   (no cloak)
rCorr   .          Rampage  .   (no gloves)
Will    +....                   (no boots)
Stlth   ..........              (no amulet)
HPRegen 0.19/turn               j - ring of willpower
MPRegen 0.10/turn               (no ring)

@: lightly drained
A: horns 2, retaliatory headbutt
a: no special abilities


You were on level 5 of the Dungeon.
You visited 1 branch of the dungeon, and saw 5 of its levels.

You collected 177 gold pieces.

Inventory:

Hand Weapons
 a - a +0 long sword (weapon)
Missiles
 q - a throwing net (quivered)
Armour
 b - a +0 scale mail (worn)
 c - a +0 buckler (worn)
Magical Staves
 i - a staff of death
Jewellery
 j - a ring of willpower (left hand)
 p - an amulet of reflection
 z - a ring of wizardry
Wands
 v - a wand of acid (9)
Scrolls
 e - a scroll of silence {unknown}
 f - a scroll of summoning {unknown}
 h - 2 scrolls of enchant armour {unknown}
 m - 10 scrolls of identify {unknown}
 o - a scroll of noise {unknown}
 r - a scroll of amnesia {unknown}
 s - a scroll of immolation {unknown}
 w - 2 scrolls of teleportation {unknown}
 x - a scroll of acquirement {unknown}
 y - a scroll of magic mapping {unknown}
 A - a scroll of fear {unknown}
Potions
 d - a potion of might
 g - a potion of cancellation {unknown}
 k - 4 potions of flight {unknown}
 l - 2 potions of brilliance {unknown}
 n - a potion of invisibility {unknown}
 t - 3 potions of curing {unknown}
 u - a potion of lignification {unknown}


   Skills:
 + Level 4.9 Fighting
 + Level 5.8 Long Blades
 + Level 6.3 Armour
 + Level 1.4 Dodging
 + Level 0.6 Stealth
 + Level 4.5 Shields


You had 6 spell levels left.
You didn't know any spells.
Your spell library contained the following spells:

 Spells                   Type           Power      Damage    Failure   Level
 Shock                    Conj/Air       0%         1d3       88%         1
 Gell's Gravitas          Tloc           0%         N/A       99%         3
 Lesser Beckoning         Tloc           0%         N/A       99%         3
 Swiftness                Air            0%         N/A       99%         3
 Teleport Other           Tloc           0%         N/A       99%         3
 Airstrike                Air            0%         N/A       100%        4


Dungeon Overview and Level Annotations

Branches:
Dungeon (5/15)
 Temple: D:4-7

Altars:
Elyvilon

Shops:
D:3 [   D:5 [


Innate Abilities, Weirdness & Mutations

You have a pair of horns on your head.
You reflexively headbutt those who attack you in melee.


Message History

A wight comes into view. It is wielding a +0 trident.
You block the ogre's attack.
A wight comes into view. It is wielding a +1 scimitar.
You block the ogre's attack.
You barely miss the ogre. The ogre barely misses you. You furiously retaliate!
You headbutt the ogre! You barely miss the ogre.
You headbutt the ogre, but do no damage.
The ogre is moderately wounded.
You block the ogre's attack.
You closely miss the ogre.
The ogre is moderately wounded.
You block the ogre's attack.
You slash the ogre!
The ogre is heavily wounded.
The ogre closely misses you. You furiously retaliate!
You headbutt the ogre. You hit the ogre.
The ogre is almost dead.
The ogre hits you with a +0 giant spiked club!!
You hit the ogre.
The ogre is almost dead.
The wight hits you with a +1 scimitar! The wight misses you.
The ogre hits you with a +0 giant spiked club!
* * * LOW HITPOINT WARNING * * *
You slash the ogre!
You kill the ogre!
The wight hits you with a +1 scimitar.
* * * LOW HITPOINT WARNING * * *
You feel drained.
* * * LOW HITPOINT WARNING * * *
You block the wight's attack.
Your life force feels restored.
You have reached level 7!
You hit the wight but do no damage. You headbutt the wight!
The wight is heavily damaged.
The wight barely misses you. The wight hits you with a +0 trident!
* * * LOW HITPOINT WARNING * * *
You feel drained.
You die...

#.................#..
#.................#..
#.................#..
#....#######......#..
#....# #......#+#
#....# #........
#<...#+#####........
#..z.........
#...@z)......
#............
#............
#....#+#####. #....#
#....# #....# #.####
#.


You could see 2 wights.

Vanquished Creatures
  A water moccasin (D:5)
  An ogre (D:5)
  A sky beast (D:5)
  A water moccasin skeleton (D:5)
  A hound (D:5)
  A bullfrog skeleton (D:4)
  Robin (D:3)
  A howler monkey skeleton (D:4)
  2 adders
  A shadow imp (D:3)
  2 dart slugs
  6 orcs
  8 bats
  6 endoplasms
  5 giant cockroaches
  10 goblins
  6 hobgoblins
  8 kobolds
  3 quokkas
  14 ball pythons
  8 frilled lizards
  5 rats
92 creatures vanquished.

Notes
Turn   | Place    | Note
-------+----------+-------------------------------------------
     0 | D:1      | GigaChad the Minotaur Fighter began the quest for the Orb.
     0 | D:1      | Reached XP level 1. HP: 19/19 MP: 0/0
   229 | D:1      | Reached skill level 4 in Armour
   266 | D:1      | Reached XP level 2. HP: 19/27 MP: 1/1
   509 | D:1      | Found a faded altar of an unknown god.
  1117 | D:1      | Reached XP level 3. HP: 33/33 MP: 2/2
  2348 | D:3      | Found Renogom's Armour Shop.
  2479 | D:3      | Noticed Robin
  2486 | D:3      | Killed Robin
  2487 | D:3      | Reached XP level 4. HP: 37/40 MP: 3/3
  3786 | D:4      | Reached XP level 5. HP: 44/47 MP: 4/4
  3906 | D:5      | Entered Level 5 of the Dungeon
  3923 | D:5      | Noticed a sky beast
  3927 | D:5      | Reached skill level 5 in Armour
  3941 | D:5      | Killed a sky beast
  3942 | D:5      | Reached skill level 5 in Long Blades
  3942 | D:5      | Reached skill level 1 in Dodging
  3942 | D:5      | Reached XP level 6. HP: 13/53 MP: 5/5
  4672 | D:5      | Found a white marble altar of Elyvilon.
  4704 | D:5      | Noticed a water moccasin
  4723 | D:5      | Killed a water moccasin
  5306 | D:5      | Reached skill level 6 in Armour
  5620 | D:5      | Found Xuruj's Armour Emporium.
  5751 | D:5      | Reached XP level 7. HP: 9/60 MP: 6/6
  5754 | D:5      | HP: 1/60 [wight/+0 trident (9)]
  5754 | D:5      | Slain by a wight

Illustrated notes

Levels and vault maps discovered:
D:1:      minmay_arrival_stair_chambers, layout_basic,
          dreamdust_ecumenical_altar_grove
D:2:      layout_loops_ring, grunt_decor_fettered
D:3:      layout_rooms, serial_shops, shop, uniq_robin
D:4:      layout_loops_cross
D:5:      layout_gridville, lemuel_tele_altar, serial_shops,
          nicolae_shop_hallway_plus, nrook_campfire, kennysheep_generic_room_9

Skill      XL: |  1  2  3  4  5  6 |
---------------+-------------------+-----
Armour         | 4 5 6 |  6.3
Fighting       | 4 |  4.9
Long Blades    | 3 4 5 |  5.8
Shields        | 4 |  4.5
Dodging        | 1 |  1.4
Stealth        | |  0.6

Action                   |  1- 3 |  4- 6 |  7- 9 || total
-------------------------+-------+-------+-------++-------
Melee: Long sword        |   109 |    95 |     1 ||   205
       Headbutt          |    11 |    10 |     1 ||    22
Armor: Scale mail        |    56 |    41 |       ||    97
Dodge: Dodged            |    75 |    42 |     1 ||   118
Block: Buckler           |    36 |    27 |       ||    63
